 Dungeon Crawl Stone Soup version 0.26-a0-1126-g3318b609a0 (webtiles) character file.

Game seed: 2256702943054346940

56 pablito the Insei (level 3, -7/23 HPs)
             Began as an Octopode Transmuter on Dec 17, 2020.
             Killed from afar by Natasha (8 damage)
             ... with a magic dart
             ... on level 2 of the Dungeon.
             The game lasted 00:02:28 (1400 turns).

pablito the Insei (Octopode Transmuter)             Turns: 1400, Time: 00:02:29

Health: -7/23      AC:  0    Str:  9    XL:     3   Next: 97%
Magic:  7/7        EV: 19    Int: 16    God:
Gold:   53         SH:  0    Dex: 17    Spells: 6/7 levels left

rFire    . . .     SeeInvis .     - Unarmed
rCold    . . .     Faith    .   (shield currently unavailable)
rNeg     . . .     Spirit   .   (helmet currently unavailable)
rPois    .         Reflect  .   (no amulet)
rElec    .         Harm     .   (ring currently unavailable)
rCorr    .         Rampage  .   (ring currently unavailable)
Will     .....                  (ring currently unavailable)
Stlth    ++........             (ring currently unavailable)
HPRegen  0.07/turn              (ring currently unavailable)
MPRegen  0.10/turn              (ring currently unavailable)
                                (ring currently unavailable)
                                (ring currently unavailable)

@: bat-form (expiring), flying, slowed, quick
A: tiny, almost no armour, stealthy swim, (amphibious), (8 rings), (constrict 8)
a: Stop Flying


You were on level 2 of the Dungeon.
You were in bat-form.
You visited 1 branch of the dungeon, and saw 2 of its levels.

You collected 53 gold pieces.

Inventory:

Hand Weapons
 f - a +0 vorpal hand axe
Scrolls
 a - a scroll of enchant weapon {unknown}
 b - a scroll of identify {unknown}
 c - 3 scrolls of teleportation {unknown}
 d - 2 scrolls of remove curse {unknown}
 h - 2 scrolls of fear {unknown}
Potions
 e - 2 potions of flight {unknown}
 g - 3 potions of curing {unknown}
 i - a potion of attraction {unknown}


   Skills:
 - Level 1.0 Fighting
 - Level 2.0 Dodging
 + Level 3.6 Unarmed Combat
 + Level 2.7 Spellcasting
 + Level 2.8 Transmutations


You had 6 spell levels left.
You knew the following spells:

 Your Spells              Type           Power        Failure   Level
a - Beastly Appendage     Tmut           22%          6%          1

Your spell library contained the following spells:

 Spells                   Type           Power        Failure   Level
 Wereblood                Tmut           11%          9%          2
 Spider Form              Tmut/Pois      3%           32%         3
 Ice Form                 Ice/Tmut       6%           71%         4
 Blade Hands              Tmut           5%           86%         5


Dungeon Overview and Level Annotations

Branches:
Dungeon (2/15)

Altars:

Annotations:
D:2 Natasha


Innate Abilities, Weirdness & Mutations

You cannot wear most types of armour.
You are very stealthy in the water. (Stealth+)
((You are amphibious.))
((You can wear up to eight rings at the same time.))
((You can use your tentacles to constrict eight enemies at once.))
((Your skin changes colour to match your surroundings (Stealth+).))
((Your rubbery body absorbs attacks. (AC +1, EV +1)))


Message History

The crimson imp blinks!
You hit Natasha.
Natasha is almost dead.
The bat barely misses you.
Natasha mewls in sadness.
Natasha casts a spell at you.
You feel yourself slow down.
You hit Natasha but do no damage.
Natasha is almost dead.
Your transformation is almost over.
The bat barely misses you. The bat completely misses you. The bat misses you.
Natasha mewls in sadness.
Natasha mumbles some strange words.
You barely miss Natasha.
Natasha is almost dead.
The bat hits you.
* * * LOW HITPOINT WARNING * * *
Natasha casts a spell at you. The magic dart hits you!
You die...

#...K#......###
#.##.###.##....##
.##.####.###...#.
..#K.#.#.#.......
K##.##...........
.#..#####........
##.##.#....#.......
#b##5#####....##...
#5bhK.# ####......
####### ####...
#... ###. #. #. #.
##


You could see Natasha, a crimson imp (summoned), a shadow imp (summoned), a bat
and a kobold.

Vanquished Creatures
  Natasha (D:2)
  An adder (D:2)
  A leopard gecko (D:1)
  A bat (D:2)
  2 giant cockroaches
  5 hobgoblins
  A quokka (D:2)
  A frilled lizard (D:2)
  3 goblins (D:1)
  3 kobolds (D:1)
  A rat (D:2)
20 creatures vanquished.

Notes
Turn   | Place    | Note
-------+----------+-------------------------------------------
     0 | D:1      | pablito the Octopode Transmuter began the quest for the
                  | Orb.
     0 | D:1      | Reached XP level 1. HP: 13/13 MP: 3/3
   464 | D:1      | Reached XP level 2. HP: 11/18 MP: 3/5
  1163 | D:2      | Noticed Natasha
  1167 | D:2      | Reached XP level 3. HP: 19/23 MP: 4/6
  1170 | D:2      | Killed Natasha
  1364 | D:2      | Noticed Natasha
  1394 | D:2      | HP: 2/23 [crimson imp[Natasha] (4)]
  1400 | D:2      | HP: 1/23 [bat (1)]
  1400 | D:2      | Killed from afar by Natasha

Illustrated notes

Levels and vault maps discovered:
D:1:      minmay_arrival_cross, layout_loops_corners
D:2:      minmay_angry_zag, layout_rooms, amethyst_overflow_temple_binary,
          xom_redecorated, uniq_natasha, uniq_terence

Action                   || total
-------------------------++-------
Melee: Unarmed           ||    60
       Constrict         ||    19
       Kick              ||    11
       Tentacles         ||     5
 Cast: Beastly Appendage ||    14
 Stab: Sleeping          ||     2
Armor: Skin              ||     5
Dodge: Dodged            ||    58

Table legend: (Time is in decaauts)
 A = Elapsed time spent in this place.
 B = Non-inter-level travel time spent in this place.
 C = Inter-level travel time spent in this place.
 D = Time resting spent in this place.
 E = Time spent auto-exploring this place.
 F = Levels seen in this place.
 G = Mean time per level.
                   A        B        C        D        E       F      G
               +--------+--------+--------+--------+--------+-----+--------+
         Total |   1391 |   1371 |     20 |      0 |   1204 |   2 |  695.5 |
       Dungeon |   1391 |   1371 |     20 |      0 |   1204 |   2 |  695.5 |
               +--------+--------+--------+--------+--------+-----+--------+

Top non-repeatable levels by time:
     D:1: 1080 daAuts
     D:2: 310 daAuts
